Cogmind - Beta 17.1 @@@ ROGUE MODE // 2026.09.22 @ 17:50:52 Player: Caluan Result: Destroyed by CP-4AP(R) with Subdweller Laser Performance ------------- Evolutions (0) 0 Regions Visited (2) 400 Robots Destroyed (18) 90 Value Destroyed (545) 545 Prototype IDs (14) 280 Alien Tech Used (0) 0 Bonus (0) 0 TOTAL SCORE: 1315 Bonus ------- None Cogmind --------- Core Integrity 0/250 Matter 298/300 Energy 194/200 System Corruption 0% Temperature Cool (6) Movement Rolling (120) Ox1 Location -10/Subcaves Parts ------- > --- POWER (1) -------- Subdweller Power Source > --- PROPULSION (2) --- Subdweller Monowheel Subdweller Monowheel > --- UTILITY (2) ------ High-capacity Storage Unit Makeshift Kinetic Plating > --- WEAPON (2) ------- Subdweller Beam Cannon Subdweller Machine Gun > --- INVENTORY (20) --- Subdweller Power Source Subdweller Power Source Subdweller Power Source Light Treads Subdweller Monowheel Subdweller Monowheel Subdweller Optics Scrap Shield Scrap Shield Light Assault Rifle Light Assault Rifle Battle Rifle Subdweller Machine Gun Subdweller Machine Gun Barrage Gun Grenade Launcher Scrap Shield Fragment (48) Scrap Shield Fragment (48) Peak State ------------ > --- POWER ------------ Subdweller Power Source > --- PROPULSION ------- Subdweller Monowheel Subdweller Monowheel > --- UTILITY ---------- High-capacity Storage Unit Makeshift Kinetic Plating > --- WEAPON ----------- Subdweller Beam Cannon Subdweller Machine Gun > --- INVENTORY -------- Subdweller Power Source Subdweller Power Source Subdweller Power Source Light Treads Subdweller Monowheel Subdweller Monowheel Subdweller Optics Scrap Shield Scrap Shield Light Assault Rifle Light Assault Rifle Light Assault Rifle Battle Rifle Subdweller Machine Gun Barrage Gun Grenade Launcher Scrap Shield Fragment Scrap Shield Fragment [Rating: 18] Favorites ----------- Power Subdweller Power Source Engine Subdweller Power Source Propulsion Light Treads Treads Light Treads Wheel Subdweller Monowheel Utility High-capacity Storage Unit Storage High-capacity Storage Unit Protection Makeshift Kinetic Plating Weapon Subdweller Beam Cannon Energy Gun Subdweller Laser Energy Cannon Subdweller Beam Cannon Ballistic Gun Subdweller Machine Gun Launcher Grenade Launcher Build | -11 -10 -10 ------- Run | Yrd Mat Sub Slots Evolved . | . . . Power . | . . . Propulsion . | . . . Utility . | . . . Weapon . | . . . Parts Attached 24 | 4 3 17 Power 4 | 1 . 3 Engine 4 | 1 . 3 Core . | . . . Reactor . | . . . Propulsion 6 | 2 . 4 Treads 3 | 2 . 1 Leg . | . . . Wheel 3 | . . 3 Hover . | . . . Flight . | . . . Utility 4 | 1 1 2 Device . | . . . Storage 3 | 1 1 1 Processor . | . . . Hackware . | . . . Protection 1 | . . 1 Artifact . | . . . Weapon 10 | . 2 8 Energy Gun 1 | . . 1 Energy Cannon 2 | . . 2 Ballistic Gun 6 | . 2 4 Ballistic Cannon . | . . . Launcher 1 | . . 1 Special Weapon . | . . . Impact Weapon . | . . . Slashing Weapon . | . . . Piercing Weapon . | . . . Special Melee Weapon . | . . . Unidentified Prototypes . | . . . Parts Lost 5 | . . 5 Power 1 | . . 1 Propulsion 2 | . . 2 Utility . | . . . Weapon 2 | . . 2 Highest Loss Streak 1 | . . 1 To Critical Strikes . | . . . Average Backups 13 | 2 4 14 Power 2 | . 1 2 Propulsion 2 | . . 2 Utility 2 | . . 2 Weapon 5 | 1 2 6 Tool/Special . | . . . Unused Backups 12 | . . 12 Power 3 | . . 3 Propulsion 1 | . . 1 Utility 5 | . . 5 Weapon 3 | . . 3 Tool/Special . | . . . Average Slot Usage (%) 88 | . 91 88 Engine 12 | . 14 12 Treads 22 | . 28 21 Wheel 5 | . . 5 Storage 17 | . 25 16 Protection 2 | . . 3 Energy Gun 2 | . . 3 Energy Cannon 6 | . . 7 Ballistic Gun 17 | . 22 16 Peak Build Rating 18 | 4 7 18 Average Rating 11 | 2 6 12 On Entrance 3 | . 4 7 Avg Prop Armor Cover (%) 12 | . . 12 Naked Turns . | . . . Heaviest Build 64 | 10 33 64 Greatest Support 40 | 40 40 40 Greatest Overweight (x) 2 | . . 2 Average Overweight (x) . | . . 1 Largest Inventory Capacity 20 | 8 15 20 Average Capacity 18 | 6 13 19 Most Carried 20 | 4 6 20 Average Carried 15 | 2 4 17 Final Capacity 20 | 8 15 20 Final Carried 20 | 3 6 20 Class Distribution -------------------- 89% | Mutant 10% | Scavenger-Mutant Dominant Class ---------------- Mutant | -10/Materials Mutant | -10/Subcaves Resources | -11 -10 -10 ----------- Run | Yrd Mat Sub Matter Collected 695 | 240 35 420 Remotely . | . . . Salvage Created 604 | . 55 549 Parts 49 | . 5 44 Haulers Intercepted . | . . . Recyclers Shooed . | . . . Parts Field Recycled . | . . . Retrieved Matter . | . . . Parts Self-Destructed 28 | . . 28 Prevented . | . . . Parts Restored . | . . . Kills | -11 -10 -10 ------- Run | Yrd Mat Sub Combat Hostiles Destroyed 18 | . 3 15 Guns 11 | . 3 8 Cannons 3 | . . 3 AOE 3 | . . 3 Classes Destroyed 3 | . 1 2 Swarmer 6 | . 3 3 Sentry 1 | . . 1 Subdweller 11 | . . 11 Best Kill Streak 3 | . 3 2 Combat Bots Only 3 | . 3 2 Max Kills in Single Turn 2 | . 1 2 Gunslinging . | . . . Exploded 2 | . . 2 Melee . | . . . Uniques/NPCs Destroyed . | . . . Combat | -11 -10 -10 -------- Run | Yrd Mat Sub Hostile Shots Fired 89 | . 6 83 Missed 22 | . 3 19 Hits 67 | . 3 64 Projectile 67 | . 3 64 Critical Strikes 3 | . . 3 Damage Taken 1362 | . 24 1338 Core 260 | . . 260 Absorbed by Shields . | . . . Ignored by Resistances 6 | . . 6 Core Remaining (%) 100 | 100 . . Volleys Fired 70 | . 3 67 Largest 2 | . 2 2 Hottest 140 | . 40 140 Shots Fired 117 | . 6 111 Gun 92 | . 6 86 Cannon 22 | . . 22 Launcher 3 | . . 3 Special . | . . . Kinetic 85 | . 6 79 Thermal 29 | . . 29 Explosive 3 | . . 3 Electromagnetic . | . . . Robot Hit Streak 8 | . 4 8 Robot Miss Streak 5 | . 1 5 Penetration Max . | . . . Secondary Targets . | . . . Shots Hit Robots 69 | . 4 65 Core Hits 26 | . 3 23 Critical Kills 1 | . . 1 Critical Parts Destroyed . | . . . Critical Strikes 3 | . . 3 Meltdown 1 | . . 1 Destroy 2 | . . 2 Melee Attacks . | . . . Impact . | . . . Slashing . | . . . Piercing . | . . . Sneak Attacks . | . . . Combat Hostiles . | . . . Follow-up Attacks . | . . . Damage Inflicted 1307 | . 45 1262 Guns 765 | . 45 720 Cannons 332 | . . 332 Explosions 210 | . . 210 Melee . | . . . Ramming . | . . . Kinetic 677 | . 45 632 Thermal 420 | . . 420 Explosive 210 | . . 210 Electromagnetic . | . . . Impact . | . . . Slashing . | . . . Piercing . | . . . Highest Corruption . | . . . Average Corruption . | . . . Corruption Purged . | . . . Corruption Blocked . | . . . Overload Shots . | . . . Overflow Damage 4 | . . 4 Projectiles . | . . . Explosions 4 | . . 4 Melee . | . . . Knockbacks . | . . . Impact . | . . . Kinetic . | . . . Secondary . | . . . Self-Inflicted Damage 23 | . . 23 Shots 2 | . . 2 Rammed . | . . . Targets Rammed . | . . . Kicked . | . . . Crushed . | . . . Highest Temperature 279 | . . 279 Average Temperature 52 | . . 52 Received Heat Transfer 634 | . . 634 Siege Activations . | . . . Martial Activations . | . . . Shielding Activations . | . . . Robots Disrupted . | . . . Combat Hostiles . | . . . Robots Corrupted . | . . . Combat Hostiles . | . . . Parts Fried . | . . . Impact Corruptions . | . . . Robots Melted 1 | . . 1 Combat Hostiles 1 | . . 1 Parts Melted 2 | . . 2 Heat Transferred 544 | . . 544 Parts Sabotaged . | . . . Parts Stolen . | . . . Parts Stripped . | . . . Power Chain Reactions . | . . . Alert | -11 -10 -10 ------- Run | Yrd Mat Sub Maximum Alert Level . | . . . Low Security (%) 100 | 100 100 . Level 1 . | . . . Level 2 . | . . . Level 3 . | . . . Level 4 . | . . . Level 5 . | . . . High Security . | . . . Max Security . | . . . Peak Influence 60 | . 60 . Initial . | . . . Average 7 | . 9 . Influence Increases 150 | . 70 80 Destroy 0b10 Robot/C 140 | . 60 80 Destroy Leader 10 | . 10 . Influence Decreases 150 | . 70 80 Time Decay 120 | . 70 50 Lost Part 30 | . . 30 Squads Dispatched 1 | . 1 . Investigation . | . . . Extermination . | . . . Reinforcement 1 | . 1 . Assault . | . . . Garrison . | . . . Intercept . | . . . Searches Triggered . | . . . Construction Impeded . | . . . Haulers Reinforced . | . . . Active Scanning Responses . | . . . Cargo Convoy Interrupts . | . . . Stealth | -11 -10 -10 --------- Run | Yrd Mat Sub Distress Signals 1 | . 1 . Communications Jammed . | . . . Distress Signals . | . . . Times Spotted 26 | . 8 18 Peak Tracking Total 6 | . 6 3 Tactical Retreats . | . . . Traps | -11 -10 -10 ------- Run | Yrd Mat Sub Traps Triggered 1 | . . 1 Indirectly . | . . . Trap Hack Attempts . | . . . Triggered . | . . . Disarmed . | . . . Reprogrammed . | . . . Reused . | . . . Traps Extracted . | . . . Installed . | . . . Triggered . | . . . Machines | -11 -10 -10 ---------- Run | Yrd Mat Sub Machines Disabled . | . . . Max in Single Turn . | . . . Machines Repaired . | . . . Machines Dismantled . | . . . Machines Sabotaged . | . . . Overloaded Fab Kills . | . . . Hacking | -11 -10 -10 --------- Run | Yrd Mat Sub Machines Accessed 4 | . . 4 Terminals . | . . . Fabricators . | . . . Repair Stations . | . . . Recycling Units . | . . . Scanalyzers . | . . . Garrison Access . | . . . Total Hacks 17 | . . 17 Successful 17 | . . 17 Failed . | . . . Catastrophic . | . . . Database Lockouts . | . . . Manual . | . . . Terminals . | . . . Fabricators . | . . . Repair Stations . | . . . Recycling Units . | . . . Scanalyzers . | . . . Garrison Access . | . . . Terminal Hacks 17 | . . 17 Record 14 | . . 14 Open Door 1 | . . 1 Proto ID Catalog 1 | . . 1 Release Object 1 | . . 1 Fabricator Hacks . | . . . Repair Station Hacks . | . . . Recycling Unit Hacks . | . . . Scanalyzer . | . . . Garrison Access Hacks . | . . . Unauthorized Hacks . | . . . Terminals . | . . . Fabricators . | . . . Repair Stations . | . . . Recycling Units . | . . . Scanalyzers . | . . . Garrison Access . | . . . Data Cores Recovered . | . . . Used . | . . . Hacking Detections . | . . . Full Trace Events . | . . . Feedback Events . | . . . Feedback Blocked . | . . . Robot Schematics Acquired . | . . . Robots Built . | . . . Authchips . | . . . Time . | . . . Total Robot Build Rating . | . . . Part Schematics Acquired . | . . . Parts Built . | . . . Authchips . | . . . Time . | . . . Total Part Build Rating . | . . . Part Studies Acquired . | . . . Parts Repaired . | . . . Time . | . . . Parts Recycled . | . . . Recycled Matter . | . . . Retrieved Matter . | . . . Retrieved Components . | . . . Parts Scanalyzed . | . . . Part Schematics Acquired . | . . . Parts Damaged . | . . . Bothacking | -11 -10 -10 ------------ Run | Yrd Mat Sub Used RIF Installer . | . . . Robots Hacked . | . . . Non-combat . | . . . Combat . | . . . Robot Hacks Applied . | . . . Relay Couplers Released . | . . . Fabnet Peak Effective % . | . . . Robots Rewired . | . . . Allies Hacked . | . . . Hacks Repelled . | . . . Allies | -11 -10 -10 -------- Run | Yrd Mat Sub Total Allies . | . . . Largest Group . | . . . Highest-Rated Group . | . . . Highest-Rated Ally . | . . . Total Orders . | . . . Ally Attacks . | . . . Total Damage . | . . . Kills . | . . . Allies Corrupted . | . . . Allies Melted . | . . . Intel | -11 -10 -10 ------- Run | Yrd Mat Sub Active Infowar (turns) . | . . . Robot Analysis Total . | . . . Derelict Logs Recovered 1 | . . 1 Drone Launches . | . . . Drone Recoveries . | . . . Exploration | -11 -10 -10 ------------- Run | Yrd Mat Sub Turns Passed 3917 | 81 435 3401 Spaces Moved 2003 | 49 261 1693 Core 8 | 8 . . Treads 1357 | 41 261 1055 Legs . | . . . Wheels 638 | . . 638 Hover . | . . . Flight . | . . . Fastest Speed 50 | 50 160 120 Average Speed 180 | 142 160 185 Slowest Speed 320 | 160 160 320 Overloaded Moves . | . . . Propulsion Burnouts . | . . . Robots Hopped . | . . . Potential Cave-ins . | . . . Cave-ins Triggered . | . . . Exploration Rate (%) 44 | 3 43 88 Regions Visited 2 Branch Regions 1 Pre-discovered Areas 1 | . . 1 Known Exits Taken . | . . . Unknown Exits Taken 2 | 1 1 . Scrap Searched 12 | . . 12 Spaces Dug . | . . . Terrain Destroyed 11 | . . 11 Melee . | . . . Projectile 2 | . . 2 AOE 9 | . . 9 Terrain Rammed . | . . . Walls Destroyed . | . . . Machines Disabled . | . . . Actions | -11 -10 -10 --------- Run | Yrd Mat Sub Total 2187 | 61 273 1853 Wait 44 | 2 1 41 Move 2001 | 48 260 1693 Hop . | . . . Pick Up 36 | 7 6 23 Fast Attach 1 | . . 1 Attach 12 | 4 3 5 Detach . | . . . Swap 15 | . . 15 Drop 8 | . . 8 Fire 70 | . 3 67 Melee . | . . . Ram . | . . . Kick . | . . . Crush . | . . . Escape Stasis . | . . . Rewire . | . . . Trap . | . . . Miscellaneous . | . . . Route ------- -11/Scrapyard -10/Materials (discovered 2 exits: [*Mat] / *Sub) -10/Subcaves (discovered 2 exits: [*Mat x2]) History --------- Turn | Location | Event 5 | -11/Scrapyard | Discovered new exit (range 15) 82 | -11/Scrapyard | Entered Materials 274 | -10/Materials | Discovered new exit (range 13) 315 | -10/Materials | Build established: Mutant 504 | -10/Materials | Discovered new exit (range 9) 517 | -10/Materials | Entered Subcaves 920 | -10/Subcaves | Visited 4L-MR0's lab 1892 | -10/Subcaves | Core integrity fell below 50% 2663 | -10/Subcaves | A swath of the cavern ceiling suddenly collapsed 2707 | -10/Subcaves | Visited Clippyterm 2715 | -10/Subcaves | Learned location of Deep Caves (-7) 2715 | -10/Subcaves | Learned Factory fabricator intel 2990 | -10/Subcaves | Learned Materials interactive machine intel 3067 | -10/Subcaves | Discovered new exit (range 14) 3126 | -10/Subcaves | Core integrity fell below 20% 3736 | -10/Subcaves | Discovered new exit (range 6) 3787 | -10/Subcaves | Build established: Scavenger-Mutant 3917 | -10/Subcaves | Disturbed a concealed Subdweller 3918 | -10/Subcaves | Destroyed by CP-4AP(R) with Subdweller Laser Last Messages --------------- 03215_ Acquired 15 matter. 03217_ Acquired 4 matter. 03316_ Sub. Monowheel shoots sparks and powers down. 03455_ L6-ICJ(R) destroyed. 03455_ 6M-BNH(R) destroyed. 03468_ Acquired 40 matter. 03475_ Acquired Sub. Monowheel. 03484_ Acquired Sub. Power Source. 03520_ Triggered Piercing Trap. 03520_ Spikes shoot up from the floor. 03520_ Critical hit (Impale). 03617_ Acquired 10 matter. 03647_ T3-358(R): "ECOKILL!" 03659_ T3-358(R) destroyed. 03668_ Acquired 24 matter. 03671_ Dropped Lgt. Assault Rifle. 03676_ Acquired 2 matter. 03724_ Acquired 8 matter. 03736_ EXIT=FOUND Map ----- +----------------------------------------------------+ | ????????????????# ###?# # | | ???????????????## < ##### # | | ???????????????# ## ## # #### | | ???????????????# #### ## ##? | | ???????????????# # #??# #? | | ???????????????# ##?# ## ## | | ???????????????## ##??#### #### # | | ????????????????### ##?????# #?## | | ?????????????????# #?????# ## # # | | ?????????????????## ##?????# ## ## | | ?????????????????#" #??????# # ##? | | ?????????????????# #??????# #### ### | | ?????????????????# %##?????#######??## | | ?????????????????## #???????????????# | | ?????????????????# ! ##??????????????#"" | | ?????????????????##%% #?????????????##"" " | | ?????????????????##&[=#?????????????# " "" | | ????????????????##![%##?????????????# """" | | ????????????????# &!#??????????????# """" | | ????????????????# #??????????????# "# | | ????????????????# ##??????????????##"## # | | ????????????????## #????????????????##### | | ?????????###??#### ###???????????????????#" | | ?????????#